 Dungeon Crawl Stone Soup version 0.22.1-2-g9c5b331 (webtiles) character file.

5506 Kronon the Fighter (level 10, -1/82 HPs)
             Began as a Demonspawn Skald on Nov 26, 2018.
             Was a Priest of Wu Jian.
             Slain by a troll (8 damage)
             ... on level 10 of the Dungeon.
             The game lasted 00:50:00 (8649 turns).

Kronon the Fighter (Demonspawn Skald)               Turns: 8649, Time: 00:50:01

Health: -1/82      AC:  7    Str: 14    XL:     10   Next: 42%
Magic:  7/13       EV: 18    Int: 15    God:    Wu Jian [***...]
Gold:   336        SH:  0    Dex: 22    Spells: 12/13 levels left

rFire    . . .     SeeInvis .   k - +0 dagger (freeze)
rCold    . . .     Gourm    +   (no shield)
rNeg     . . .     Faith    .   H - +0 troll leather armour {Purgy}
rPois    .         Spirit   .   (helmet unavailable)
rElec    .         Reflect  .   P - +0 cloak
rCorr    .         Harm     .   v - +0 pair of gloves {Dex+3}
MR       .....                  (no boots)
Stlth    +++++.....             p - amulet of the gourmand
HPRegen  0.63/turn              N - +6 ring of dexterity
MPRegen  0.13/turn              l - ring of stealth

@: infused
A: claws 1, horns 3, talons 2, nightstalker 1, powered by death 1
a: Wall Jump, Serpent's Lash, Renounce Religion


You were on level 10 of the Dungeon.
You worshipped Wu Jian.
Wu Jian was most pleased with you.
You were completely stuffed.

You visited 2 branches of the dungeon, and saw 11 of its levels.
You also visited: Sewer.

You collected 336 gold pieces.

Inventory:

Hand Weapons
 a - a +0 falchion
 i - a +2 whip of flaming
 k - a +0 dagger of freezing (weapon)
 w - a +0 hunting sling
Missiles
 r - 7 tomahawks (quivered)
 s - 164 stones
Armour
 g - a +0 large shield
 v - a +0 pair of gloves of dexterity (worn)
 H - a +0 troll leather armour (worn) {Purgy}
 M - the +1 cloak of the Shoals {rN+ Regen+ Slay-5}
   (You found it on level 8 of the Dungeon)

   It affects your accuracy and damage with ranged weapons and melee attacks
   (-5).
   It protects you from negative energy.
   It increases your rate of regeneration.
 P - a +0 cloak (worn)
Magical Staves
 B - an uncursed staff of power
Jewellery
 f - an uncursed ring of magical power
 l - a ring of stealth (right hand)
 p - an amulet of the gourmand (around neck)
 K - an uncursed ring of magical power
 N - a +6 ring of dexterity (left hand)
Wands
 x - a wand of disintegration (36)
 E - a wand of iceblast (10)
 G - a wand of paralysis (4)
Scrolls
 b - 2 scrolls of fear {unknown}
 c - a scroll of enchant weapon {unknown}
 o - 4 scrolls of fog
 u - 10 scrolls of teleportation
 y - 3 scrolls of magic mapping
 z - a scroll of immolation {unknown}
 D - a scroll of amnesia {unknown}
 I - a scroll of summoning {unknown}
 J - a scroll of remove curse
 L - 2 scrolls of enchant armour {unknown}
Potions
 h - a potion of resistance
 j - 2 potions of curing
 m - 2 potions of flight
 n - a potion of mutation
 q - a potion of magic
 t - 2 potions of lignification
 A - 2 potions of heal wounds
 C - 4 potions of haste
 Q - a potion of brilliance {unknown}
Comestibles
 d - 15 rations
 F - 4 chunks of flesh


   Skills:
 + Level 8.9 Fighting
 - Level 3.9(4.2) Short Blades
 - Level 2.3(3.5) Long Blades
 * Level 5.6 Armour
 + Level 7.7 Dodging
 + Level 5.0 Stealth
 - Level 2.0 Spellcasting
 - Level 4.3 Charms


You had 12 spell levels left.
You knew the following spells:

 Your Spells              Type           Power        Failure   Level  Hunger
a - Infusion              Chrm           ##..         4%          1    #......

Your spell library contained the following spells:

 Spells                   Type           Power        Failure   Level  Hunger
 Song of Slaying          Chrm           ##......     7%          2    ###....
 Shroud of Golubria       Chrm/Tloc      #.........   17%         2    ###....
 Summon Small Mammal      Summ           #...         26%         1    #......
 Regeneration             Chrm/Necr      #.........   32%         3    ###....
 Spectral Weapon          Hex/Chrm       #.......     32%         3    ###....
 Call Imp                 Summ           #.......     38%         2    ###....
 Call Canine Familiar     Summ           #.......     63%         3    ###....
 Summon Guardian Golem    Hex/Summ       #.......     63%         3    ###....
 Summon Ice Beast         Ice/Summ       #.......     95%         4    #####..
 Summon Lightning Spire   Summ/Air       #.......     95%         4    #####..


Dungeon Overview and Level Annotations

Branches:
Dungeon (10/15)            Temple (1/1) D:4
   Lair: D:8-11         Orc: D:9-12

Altars:
Cheibriados
Elyvilon
Gozag
Hepliaklqana
Kikubaaqudgha
Okawaru
Qazlal
Ru
Sif Muna
Trog
Uskayaw
Vehumet
Wu Jian
Xom
Yredelemnul
The Shining One

Shops:
D:8 :

Annotations:
D:3 Robin
D:8 Gastronok
D:9 exclusion: death yak


Innate Abilities, Weirdness & Mutations

You have sharp fingernails.
You have a pair of large horns on your head.
You have razor-sharp toenails.
You are slightly more attuned to the shadows.
You regenerate a little health from kills.


Message History

* * * LOW HITPOINT WARNING * * *
You completely miss the troll. Your headbutt misses the troll.
The troll is severely wounded.
You hit the troll. You freeze the troll. Your kick misses the troll.
You headbutt the troll, but do no damage.
The troll is severely wounded.
The troll misses you. The troll closely misses you.
The troll barely misses you.
You closely miss the troll. You claw the troll, but do no damage.
The troll is severely wounded.
The troll barely misses you. The troll claws you.
* * * LOW HITPOINT WARNING * * *
The troll claws you!
* * * LOW HITPOINT WARNING * * *
Okay, then.
You spin and attack the troll.
You hit the troll. You freeze the troll. You headbutt the troll.
The troll is almost dead.
The troll closely misses you. The troll barely misses you. The troll claws you!
You die...

. . #.
#.######
#......#
#....T@#
##....[<#
.........#
.........#
.........#
...#######
... ..


You could see a troll (pinned).

Vanquished Creatures
  A two-headed ogre (D:8)
  Pikel (D:4)
  A centaur skeleton (D:10)
  A hippogriff (D:7)
  A water moccasin (D:7)
  An ice beast (D:5)
  4 orc warriors
  2 phantoms
  Purgy (Sewer)
  4 sky beasts
  7 ogres
  A crocodile (D:7)
  A centaur (D:5)
  A bullfrog (D:6)
  6 scorpions
  3 killer bees (D:7)
  3 crimson imps
  9 hounds
  6 orc priests
  2 jellies
  7 worker ants
  Ijyb (D:4)
  An iguana (D:6)
  9 orc wizards
  A killer bee zombie (D:7)
  A hound skeleton (D:6)
  2 howler monkey zombies
  2 worker ant zombies
  7 gnolls
  13 adders
  2 river rats (D:4)
  3 shadow imps
  2 oozes
  A worm (D:4)
  3 dart slugs
  7 leopard geckos
  32 orcs
  3 ball pythons
  8 bats
  5 giant cockroaches
  10 goblins
  9 hobgoblins
  17 jackals
  2 quokkas
  12 frilled lizards
  11 kobolds
  A leopard gecko skeleton (D:5)
  2 quokka zombies
  10 rats
240 creatures vanquished.

Vanquished Creatures (others)
  A plant (D:1)
1 creature vanquished.

Grand Total: 241 creatures vanquished

Notes
Turn   | Place    | Note
-------+----------+-------------------------------------------
     0 | D:1      | Kronon the Demonspawn Skald began the quest for the Orb.
     0 | D:1      | Reached XP level 1. HP: 16/16 MP: 3/3
   103 | D:1      | Reached skill level 1 in Armour
   103 | D:1      | Gained mutation: You have sharp toenails. [demonic
                  | ancestry]
   103 | D:1      | Reached XP level 2. HP: 10/22 MP: 5/5
   707 | D:1      | Gained mutation: You are slightly more attuned to the
                  | shadows. [demonic ancestry]
   707 | D:1      | Reached XP level 3. HP: 28/28 MP: 6/6
  1796 | D:2      | Gained mutation: You have a pair of small horns on your
                  | head. [demonic ancestry]
  1796 | D:2      | Reached XP level 4. HP: 34/34 MP: 7/7
  2067 | D:3      | Reached skill level 1 in Short Blades
  2128 | D:3      | Reached skill level 1 in Stealth
  2140 | D:3      | Reached XP level 5. HP: 16/39 MP: 8/8
  2522 | D:3      | HP: 2/40 [poisoned by a scorpion]
  2890 | D:3      | Reached skill level 3 in Fighting
  2996 | D:3      | Found a hazy altar of Hepliaklqana.
  3010 | D:3      | Found a stormy altar of Qazlal.
  3017 | D:3      | Gained mutation: You have sharp fingernails. [demonic
                  | ancestry]
  3017 | D:3      | Reached XP level 6. HP: 46/47 MP: 9/9
  3197 | D:3      | Noticed Robin
  3303 | D:4      | Noticed Ijyb
  3319 | D:4      | Killed Ijyb
  3659 | D:4      | Found a glowing drain.
  3759 | Sewer    | Entered a sewer
  3783 | Sewer    | Noticed Purgy
  3796 | Sewer    | Killed Purgy
  3796 | Sewer    | Reached skill level 4 in Fighting
  3796 | Sewer    | Gained mutation: You have a pair of horns on your head.
                  | [demonic ancestry]
  3796 | Sewer    | Reached XP level 7. HP: 37/54 MP: 10/10
  4179 | D:4      | Found a bloodstained altar of Trog.
  4179 | D:4      | Found an ancient bone altar of Kikubaaqudgha.
  4223 | D:4      | Noticed Pikel
  4244 | D:4      | Killed Pikel
  4244 | D:4      | Reached skill level 5 in Fighting
  4244 | D:4      | Gained mutation: You have razor-sharp toenails. [demonic
                  | ancestry]
  4244 | D:4      | Reached XP level 8. HP: 24/62 MP: 11/11
  5088 | D:4      | Found a staircase to the Ecumenical Temple.
  5096 | Temple   | Entered the Ecumenical Temple
  5155 | Temple   | Became a worshipper of the Wu Jian Council
  5264 | D:5      | Entered Level 5 of the Dungeon
  5359 | D:5      | Reached skill level 6 in Fighting
  5623 | D:5      | Reached skill level 5 in Dodging
  5771 | D:5      | Reached * piety under Wu Jian
  5911 | D:5      | Found an opulent altar of Gozag.
  6053 | D:6      | Reached skill level 7 in Fighting
  6151 | D:6      | Gained mutation: You have a pair of large horns on your
                  | head. [demonic ancestry]
  6151 | D:6      | Reached XP level 9. HP: 72/72 MP: 12/12
  6403 | D:6      | Found a glowing golden altar of the Shining One.
  6406 | D:6      | Found a snail-covered altar of Cheibriados.
  6536 | D:6      | Reached ** piety under Wu Jian
  7016 | D:7      | Found a white marble altar of Elyvilon.
  7259 | D:7      | Reached skill level 8 in Fighting
  7266 | D:7      | Found a deep blue altar of Sif Muna.
  7719 | D:8      | Reached *** piety under Wu Jian
  7719 | D:8      | Gained mutation: You regenerate a little health from kills.
                  | [demonic ancestry]
  7719 | D:8      | Reached XP level 10. HP: 80/80 MP: 13/13
  7891 | D:8      | Noticed a two-headed ogre
  8101 | D:8      | Got a pitted cloak
  8132 | D:8      | Identified the +1 cloak of the Shoals {rN+ Regen+ Slay-5}
                  | (You found it on level 8 of the Dungeon)
  8157 | D:8      | Killed a two-headed ogre
  8157 | D:8      | Reached skill level 5 in Armour
  8296 | D:8      | Found Nailab's Book Shoppe.
  8304 | D:8      | Noticed Gastronok
  8415 | D:9      | Noticed a death yak
  8552 | D:10     | Entered Level 10 of the Dungeon
  8567 | D:10     | Reached skill level 5 in Stealth
  8649 | D:10     | Slain by a troll

Skill      XL: |  1  2  3  4  5  6  7  8  9 10 |
---------------+-------------------------------+-----
Long Blades    | 2 |  2.3
Dodging        | 2 3 4 5 7 |  7.7
Armour         | 1 2 4 5 |  5.6
Short Blades   | 1 2 3 |  3.9
Stealth        | 1 2 3 4 5 |  5.0
Fighting       | 3 4 5 7 8 |  8.9
Charms         | 4 |  4.3
Spellcasting   | |  2.0

Action                   |  1- 3 |  4- 6 |  7- 9 | 10-12 || total
-------------------------+-------+-------+-------+-------++-------
Melee: Falchion          |    53 |       |       |       ||    53
       Kick              |    19 |    54 |   144 |    63 ||   280
       Dagger            |    79 |   194 |   445 |   153 ||   871
       Headbutt          |       |    38 |    83 |    45 ||   166
Throw: Tomahawk          |       |    10 |     4 |       ||    14
       Stone             |       |     5 |       |       ||     5
 Cast: Infusion          |     2 |     2 |    24 |     9 ||    37
Invok: Lunge             |       |       |    29 |    12 ||    41
       Wall Jump         |       |       |     3 |     2 ||     5
       Whirlwind         |       |       |     1 |    37 ||    38
       Serpent's Lash    |       |       |       |     1 ||     1
  Use: Scroll            |     3 |     5 |     4 |     2 ||    14
       Potion            |     1 |     2 |     3 |       ||     6
 Stab: Sleeping          |     5 |    12 |    21 |     2 ||    40
       Distracted        |       |     1 |     4 |     1 ||     6
  Eat: Chunk             |     3 |     6 |    27 |     4 ||    40
Armor: Leather armour    |    14 |    26 |       |       ||    40
       Skin              |       |    11 |       |       ||    11
       Scale mail        |       |     1 |       |       ||     1
       Troll leather arm |       |       |    60 |    15 ||    75
Dodge: Dodged            |    71 |   101 |   195 |    90 ||   457
       Rpst.: Falchion   |     6 |       |       |       ||     6
